 Dungeon Crawl Stone Soup version 0.30-a0-6-g7c9e10e132 (webtiles) character file.

Game seed: 2389859038343221446

1003 SensoryNuts the Chopper (level 8, -3/60 HPs)
             Began as a Vampire Fighter on Aug 22, 2022.
             Was an Initiate of Gozag.
             Engulfed by a steam dragon's steam (7 damage)
             ... on level 6 of the Dungeon.
             The game lasted 00:05:55 (4985 turns).

SensoryNuts the Chopper (Vampire Fighter)           Turns: 4985, Time: 00:05:55

Health: -3/60      AC: 12    Str: 17    XL:     8   Next: 0%
Magic:  8/8        EV:  5    Int: 10    God:    Gozag
Gold:   320        SH:  6    Dex: 20    Spells: 7/7 levels left

rFire   . . .      SeeInvis +    a - +1 war axe
rCold   . . .      Faith    .    c - +0 buckler
rNeg    . . .      Spirit   .    o - +0 plate armour
rPois   .          Reflect  .    (no helmet)
rElec   .          Harm     .    (no cloak)
rCorr   .          Rampage  .    (no gloves)
Will    .....                    (no boots)
Stlth   ..........               (no amulet)
HPRegen 0.40/turn                d - +6 ring of dexterity
MPRegen 0.11/turn                (no ring)

@: gold aura, healing quickly
A: alive, fangs 3, see invisible, vampiric 2
a: Exsanguinate, Renounce Religion, Potion Petition, Call Merchant, Bribe Branch


You were on level 6 of the Dungeon.
You worshipped Gozag.
Gozag was aware of your devotion.
You visited 1 branch of the dungeon, and saw 7 of its levels.

You collected 446 gold pieces.
You paid 126 gold pieces to Gozag.

Inventory:

Hand Weapons
 a - a +1 war axe (weapon)
Armour
 b - a +0 scale mail
 c - a +0 buckler (worn)
 o - a +0 plate armour (worn)
Jewellery
 d - a +6 ring of dexterity (left hand)
 j - a ring of resist corrosion
Scrolls
 f - a scroll of amnesia
 g - a scroll of teleportation {unknown}
 h - a scroll of magic mapping {unknown}
 k - a scroll of noise
 l - a scroll of identify
Potions
 e - a potion of flight
 p - 2 potions of resistance


   Skills:
 + Level 4.0 Fighting
 + Level 6.0 Axes
 + Level 4.6 Armour
 + Level 1.5 Dodging
 + Level 0.8 Stealth
 + Level 3.6 Shields


You had 7 spell levels left.
You didn't know any spells.
Your spell library contained the following spells:

 Spells                   Type           Power      Damage    Failure   Level
 Apportation              Tloc           0%         N/A       100%        1
 Beastly Appendage        Tmut           0%         N/A       100%        1
 Magic Dart               Conj           0%         1d3       100%        1
 Necrotise                Necr           0%         1d4       100%        1
 Summon Small Mammal      Summ           0%         N/A       100%        1
 Searing Ray              Conj           0%         2d4       100%        2
 Wereblood                Tmut           0%         N/A       100%        2
 Spider Form              Tmut/Pois      0%         N/A       100%        3
 Fulminant Prism          Conj/Hex       0%         3d6       100%        4
 Fireball                 Conj/Fire      0%         3d3       100%        5
 Iskenderun's Battlesphe  Conj           0%         2d6       100%        5
 Conjure Ball Lightning   Conj/Air       0%         3x3d6     100%        6
 Orb of Destruction       Conj           0%         9d5       100%        7


Dungeon Overview and Level Annotations

Branches:
Dungeon (7/15)
 Temple: D:4-7

Altars:
Ashenzari
Gozag
Kikubaaqudgha

Annotations:
D:4 3 runed translucent doors, Setbun's ghost, amateur KoBr


Innate Abilities, Weirdness & Mutations

Your natural rate of healing is accelerated.
You have razor-sharp teeth.
You have supernaturally acute eyesight. (SInv)
You are afflicted with vampirism and can become a bat while bloodless.


Message History

No reachable target in view!
You barely miss the steam dragon.
You are engulfed in a cloud of scalding steam.
You block the steam dragon's attack.
The steam dragon claws you but does no damage.
You hit the steam dragon.
The steam dragon is lightly wounded.
The steam dragon breathes steam at you. The ball of steam hits you!
You hit the steam dragon but do no damage.
The steam dragon is lightly wounded.
You are engulfed in a cloud of scalding steam.
You block the steam dragon's attack.
The steam dragon claws you but does no damage.
The steam dragon breathes steam at you. The ball of steam hits you!
* * * LOW HITPOINT WARNING * * *
You feel much better.
You are engulfed in a cloud of scalding steam.
The steam dragon bites you.
The steam dragon claws you but does no damage.
Unknown command.
You closely miss the steam dragon. You bite the steam dragon!
The steam dragon is moderately wounded.
You are engulfed in a cloud of scalding steam.
The steam dragon breathes steam at you. The ball of steam hits you!
* * * LOW HITPOINT WARNING * * *
Unknown command.
You feel better. The steam dragon breathes steam at you.
The ball of steam hits you!
* * * LOW HITPOINT WARNING * * *
Okay, then.
Okay, then.
You slash the steam dragon!
The steam dragon is severely wounded.
You are engulfed in a cloud of scalding steam.
You die...
Your body crumbles into a pile of gold.

..................##
###
......#.#.#.#......#
...................#
.<.................#
...............##.##
#####..######.##...##
#### ###§§...#
#..8§§# #D@§≈§#
#.....~§§##
##≈~~≈#### $ #####


You could see a steam dragon (catching breath).

Vanquished Creatures
  A steam dragon (D:6)
  A water moccasin (D:5)
  An ice beast (D:5)
  A black bear (D:5)
  A phantom (D:5)
  2 scorpions (D:5)
  A necrophage (D:5)
  2 hounds
  A gnoll bouda (D:5)
  An orc priest (D:3)
  An iguana (D:5)
  3 gnolls (D:5)
  5 adders
  A shadow imp (D:4)
  5 worms
  4 dart slugs
  9 orcs
  7 bats
  6 endoplasms
  7 giant cockroaches
  7 goblins
  7 hobgoblins
  4 jackals
  A quokka (D:2)
  8 ball pythons
  3 frilled lizards
  4 kobolds
  8 rats
102 creatures vanquished.

Notes
Turn   | Place    | Note
-------+----------+-------------------------------------------
     0 | D:1      | SensoryNuts the Vampire Fighter began the quest for the
                  | Orb.
     0 | D:1      | Reached XP level 1. HP: 17/17 MP: 1/1
   195 | D:1      | Reached XP level 2. HP: 23/23 MP: 2/2
   210 | D:1      | Reached skill level 2 in Axes
   545 | D:1      | Found a faded altar of an unknown god.
   555 | D:1      | Gained mutation: You are afflicted with vampirism and can
                  | become a bat while bloodless. [Vampire growth]
   555 | D:1      | Reached XP level 3. HP: 29/29 MP: 3/3
  1427 | D:2      | Reached XP level 4. HP: 18/35 MP: 4/4
  1924 | D:3      | Reached skill level 3 in Axes
  1924 | D:3      | Reached skill level 1 in Dodging
  1928 | D:3      | Reached XP level 5. HP: 24/41 MP: 5/5
  2185 | D:3      | Found an ancient bone altar of Kikubaaqudgha.
  2381 | D:4      | Found an opulent altar of Gozag.
  2381 | D:4      | You fall into a shaft and drop 3 floors!
  2396 | D:5      | Entered Level 5 of the Dungeon
  2480 | D:4      | Found a runed translucent gate.
  2480 | D:4      | Found a runed translucent gate.
  2586 | D:4      | Found a runed translucent gate.
  2591 | D:4      | Noticed Setbun's ghost (amateur KoBr)
  3341 | D:4      | Became a worshipper of Gozag Ym Sagoz the Greedy
  3502 | D:5      | Noticed a phantom
  3555 | D:5      | Killed a phantom
  3556 | D:5      | Reached skill level 4 in Axes
  3556 | D:5      | Reached XP level 6. HP: 47/47 MP: 6/6
  3741 | D:5      | Noticed an ice beast
  3748 | D:5      | Killed an ice beast
  3839 | D:5      | Reached skill level 5 in Axes
  3841 | D:5      | Noticed a water moccasin
  3849 | D:5      | Killed a water moccasin
  3850 | D:5      | Reached XP level 7. HP: 34/53 MP: 7/7
  4043 | D:5      | Found a broken altar of Ashenzari.
  4952 | D:6      | Noticed a steam dragon
  4961 | D:6      | Killed a steam dragon
  4962 | D:6      | Reached skill level 6 in Axes
  4962 | D:6      | Reached XP level 8. HP: 46/60 MP: 8/8
  4985 | D:6      | Engulfed by a steam dragon's steam

Illustrated notes

Levels and vault maps discovered:
D:1:      minmay_arrival_three_doors, layout_basic, basic_ecumenical_altar
D:2:      minmay_razor_zed, layout_basic, chequers_serial_rivers_large_a,
          minmay_split_cup_large
D:3:      layout_loops_ring, tso_oasis_becter, general_overflow_altar,
          nicolae_kikubaaqudgha_miasma_corner
D:4:      layout_loops_ring, grunt_gozag_breadcrumbs,
          mainiacjoe_overflow_catwalk, ebering_ghost_rock_garden
D:5:      layout_layer_cave, cheibrodos_ashenzari_chains
D:6:      cheibrodos_steamvent, layout_rooms,
          riverfiend_overflow_shadow_ancestor, nicolae_qazlal_style_of_elements,
          mainiacjoe_overflow_alcove_2, mainiacjoe_overflow_surrounded_room,
          serial_shops, nicolae_shop_hallway_stairs, serial_co_window_serial,
          co_window_paths_a, co_window_paths_a, co_window_paths_a,
          co_window_paths_b, co_window_paths_b, co_window_broadway_b,
          co_window_unsneaky_path_d, co_window_of_opportunity_c,
          co_window_4corner_b, glass_columns_c, glass_columns_c, abandoned_shop,
          uniq_pikel
D:7:      layout_loops_cross, lemuel_blue_sif_altar,
          mainiacjoe_overflow_tiny_flanked, fiery_altar_vehumet,
          cheibrodos_worm_habitat, nicolae_ru_awakened_eye,
          mainiacjoe_overflow_small_starburst, minmay_temple_entry_mist,
          hellmonk_ghost_happy_afterlife, chequers_arboretum

Skill      XL: |  1  2  3  4  5  6  7 |
---------------+----------------------+-----
Axes           | 2 3 4 5 6 |  6.0
Fighting       | 3 4 |  4.0
Armour         | 3 4 |  4.6
Dodging        | 1 |  1.5
Shields        | 3 |  3.6
Stealth        | |  0.8

Action                   |  1- 3 |  4- 6 |  7- 9 || total
-------------------------+-------+-------+-------++-------
Melee: War axe           |   107 |   131 |    52 ||   290
       Bite              |     5 |    12 |    10 ||    27
  Use: Potion            |     1 |    10 |     2 ||    13
       Scroll            |       |     9 |       ||     9
Armor: Scale mail        |    53 |    33 |       ||    86
       Plate armour      |       |    26 |    39 ||    65
Dodge: Dodged            |    65 |    38 |    15 ||   118
Block: Buckler           |    30 |    36 |    26 ||    92

Table legend: (Time is in decaauts)
 A = Elapsed time spent in this place.
 B = Non-inter-level travel time spent in this place.
 C = Inter-level travel time spent in this place.
 D = Time resting spent in this place.
 E = Time spent auto-exploring this place.
 F = Levels seen in this place.
 G = Mean time per level.
                   A        B        C        D        E       F      G
               +--------+--------+--------+--------+--------+-----+--------+
         Total |   5083 |   4608 |    475 |     18 |   3698 |   7 |  726.1 |
       Dungeon |   5083 |   4608 |    475 |     18 |   3698 |   7 |  726.1 |
               +--------+--------+--------+--------+--------+-----+--------+

Top non-repeatable levels by time:
     D:5: 1432 daAuts
     D:4: 1114 daAuts
     D:2: 1035 daAuts
     D:3: 763 daAuts
     D:1: 649 daAuts
     D:6: 80 daAuts
     D:7: 6 daAuts
